 Dungeon Crawl Stone Soup version 0.31-a0-542-gdc2a67831c (webtiles) character file.

Game seed: 12103745609327715859

99 spiderkeys the Ruffian (level 4, -8/29 HPs)
             Began as an Octopode Shapeshifter on Aug 14, 2023.
             Mangled by a gnoll
             ... wielding a +0 halberd
              (13 damage)
             ... on level 2 of the Dungeon.
             The game lasted 00:01:33 (1611 turns).

spiderkeys the Ruffian (Octopode Shapeshifter)      Turns: 1611, Time: 00:01:34

Health: -8/29      AC:  1    Str: 16    XL:     4   Next: 72%
Magic:  4/4        EV: 13    Int: 10    God:
Gold:   150        SH:  0    Dex: 12    Spells: 3/3 levels left

rFire   . .          .
                       - Unarmed
rCold   . . .        (no shield)
rNeg    . . .        (helmet currently unavailable)
rPois   .            (no amulet)
rElec   .            (no ring)
rCorr   .            (no ring)
SInv    .            (no ring)
Will    .....        (no ring)
Stlth   ++           (no ring)
HPRegen 0.24/turn    (no ring)
MPRegen 0.09/turn    (no ring)
                     (no ring)

%: no passive effects
@: beast-form
A: beast (slay +2), almost no armour, amphibious, 8 rings, camouflage 1,
gelatinous body 1, (nimble swimmer 1), tentacles
a: Begin Untransformation


You were on level 2 of the Dungeon.
You were a hulking beast.
You visited 1 branch of the dungeon, and saw 2 of its levels.

You collected 150 gold pieces.


Innate Abilities, Weirdness & Mutations

You are a hulking beast.
Your limbs bulge with bestial killing power. (Slay +2)
You cannot wear most types of armour.
You are amphibious.
You can wear up to eight rings at the same time.
Your skin changes colour to match your surroundings (Stealth+).
Your rubbery body absorbs attacks. (AC +1, EV +1)
((You are camouflaged when in or above water. (Stealth+)))
You have tentacles for arms and can constrict up to eight enemies at once.


   Skills:
 + Level 2.3 Fighting
 + Level 2.8 Dodging
 + Level 3.7 Unarmed Combat
 + Level 3.4 Shapeshifting


You had 3 spell levels left.
You didn't know any spells.
Your spell library contained the following spells:

 Spells                   Type           Power      Damage    Failure   Level
 Manifold Assault         Tloc           0%         N/A       98%         4
 Dispersal                Tloc           0%         N/A       100%        6
 Disjunction              Tloc           0%         N/A       100%        8

Inventory:

Missiles
 e - 20 stones
 l - 4 poisoned darts
Talismans
 b - a beast talisman (active)
 c - a flux talisman
Scrolls
 f - a scroll of noise {unknown}
 i - a scroll of amnesia {unknown}
 j - 2 scrolls of fog {unknown}
 m - a scroll of identify {unknown}
 o - a scroll of poison {unknown}
Potions
 a - 2 potions of lignification {!q}
 d - 2 potions of curing {unknown}
 g - a potion of attraction {unknown}
 h - a potion of invisibility {unknown}
 k - a potion of cancellation {unknown}
 n - a potion of magic {unknown}

Dungeon Overview and Level Annotations

Branches:
Dungeon (2/15) Zot: 10390

Altars:

Annotations:
D:2 Natasha

#...............#.....##
#......##.......#.....##
#......##.......#.....##
#......##.#.#####.....##
..#.....รท.................
......โ€ ...#.#.#####.....##
l....#.#).#.#.# ####### ...
#.#>.#.#.# ####### . #.#.h#.#.#
#.....# ......#.#.h#.#.# #.###.#
# .....#.#.g..#.# #.#.#.### #.h
......)#.#.####.# #.#.#.... ..
.......#........# #.#...### ..
......###.#########.####### .
..#(#.###...#.....#........ ..
#.#.#.#.##....#.###.#.#####.#
....#.#.#.#.......#.#.#.#.#...#.#


You could see Natasha and a gnoll.


Message History

The ball python attacks as you move away!
The ball python barely misses you. The ball python misses you. ๐Ÿ˜จ HP[+1]
The ball python bites you.
* * * LOW HITPOINT WARNING * * *
The ball python grabs you. The ball python constricts you.
* * * LOW HITPOINT WARNING * * *
๐Ÿ˜ฑ HP[-2]
You take 2 damage, and now have 6/29 hp.
You escape the ball python's grasp.
The ball python attacks as you move away!
The ball python bites you.
* * * LOW HITPOINT WARNING * * *
๐Ÿ˜ฑ HP[-2]
You take 2 damage, and now have 4/29 hp.
The ball python bites you.
* * * LOW HITPOINT WARNING * * *
The ball python grabs you. The ball python constricts you.
* * * LOW HITPOINT WARNING * * *
๐Ÿ˜ฑ HP[-2]
You take 2 damage, and now have 2/29 hp.
You escape the ball python's grasp.
The ball python attacks as you move away!
The ball python closely misses you. x2
The ball python attacks as you move away!
The ball python bites you.
* * * LOW HITPOINT WARNING * * *
The ball python bites you.
* * * LOW HITPOINT WARNING * * *
The ball python closely misses you.
There is a stone staircase leading up here. ๐Ÿ˜ฑ HP[-1]
You take 1 damage, and now have 1/29 hp.
The ball python closely misses you. The ball python grabs you.
You stop ascending the stairs.
The ball python constricts you.
* * * LOW HITPOINT WARNING * * *
Natasha hisses angrily.
You tentacle-slap the ball python. You grab the ball python.
You constrict the ball python.
You kill the ball python!
You climb upwards.
There is a stone staircase leading down here.
You start resting. ๐Ÿ˜Ž HP[+28]
Your hp is fully restored (29).
You start waiting.
Done waiting.
You climb downwards.
Level annotation: Natasha The gnoll hits you with a +0 whip!
The gnoll barely misses you.
There is a stone staircase leading up here. ๐Ÿ˜• HP[-7]
You take 7 damage, and now have 22/29 hp.
MASSIVE DAMAGE!! (PAUSE) Natasha zaps a wand.
You resist with some effort. The gnoll misses you.
The gnoll hits you with a +0 club.
You climb upwards.
There is a stone staircase leading down here. ๐Ÿ˜ฎ HP[-2]
You take 2 damage, and now have 20/29 hp.
You tentacle-slap the gnoll. You grab the gnoll. You squeeze the gnoll!
You constrict the gnoll.
You kill the gnoll!
The gnoll completely misses you.
You closely miss the gnoll. Your grab misses the gnoll.
Your squeeze misses the gnoll. The gnoll barely misses you.
You bludgeon the gnoll! You grab the gnoll. You tentacle-slap the gnoll.
You constrict the gnoll.
You kill the gnoll! ๐Ÿ˜ฎ HP[+1]
You see here a +0 club.
You start resting. ๐Ÿ˜Ž HP[+8]
Your hp is fully restored (29).
There is a stone staircase leading down here.
You climb downwards.
Level annotation: Natasha Natasha mumbles some strange words.
Natasha shimmers violently.
Natasha extends her claws.
Natasha claws you.
There is a stone staircase leading up here. ๐Ÿ˜• HP[-5]
You take 5 damage, and now have 24/29 hp.
You tentacle-slap Natasha. You grab Natasha.
You squeeze Natasha, but do no damage.
You constrict Natasha, but do no damage.
Natasha claws you.
The gnoll hits you from afar with a +0 halberd!
* * * LOW HITPOINT WARNING * * *
๐Ÿ˜ฑ HP[-19]
You take 19 damage, and now have 5/29 hp.
MASSIVE DAMAGE!! (PAUSE)
You release your grip on Natasha.
Natasha misses you.
The gnoll hits you from afar with a +0 halberd!
You die...

Skill      XL: |  1  2  3 |
---------------+----------+-----
Fighting       | 2 |  2.3
Dodging        | |  2.8
Unarmed Combat | |  3.7
Shapeshifting  | |  3.4

Action                     |  1- 3 |  4- 6 || total
---------------------------+-------+-------++-------
  Melee: Unarmed           |    45 |    17 ||    62
         Constrict         |     9 |     6 ||    15
         Tentacles         |     7 |     2 ||     9
         Punch             |       |     1 ||     1
    Use: Scroll            |     1 |       ||     1
   Stab: Sleeping          |     5 |       ||     5
 Armour: Skin              |     3 |     4 ||     7
  Dodge: Dodged            |    23 |    21 ||    44

Levels and vault maps discovered:
D:1:      dpeg_arrival_rhombus, layout_rooms, minmay_ruptured
D:2:      mumra_celtic_spiral_tile, layout_basic, shapermc_ecumenical_altar_gd,
          uniq_natasha

Notes
Turn   | Place    | Note
-------+----------+-------------------------------------------
     0 | D:1      | spiderkeys the Octopode Shapeshifter began the quest for
                  | the Orb.
     0 | D:1      | Reached XP level 1. HP: 13/13 MP: 1/1
     0 | D:1      | magus.rc [v1.11.6]
    85 | D:1      | Reached XP level 2. HP: 13/18 MP: 2/2
   115 | D:1      | You add the spells Manifold Assault, Dispersal and
                  | Disjunction to your library.
   523 | D:2      | Found a faded altar of an unknown god.
   588 | D:2      | Reached XP level 3. HP: 24/24 MP: 3/3
  1047 | D:2      | Noticed Natasha
  1056 | D:2      | Killed Natasha
  1057 | D:2      | Reached skill level 2 in Fighting
  1057 | D:2      | Reached XP level 4. HP: 21/29 MP: 4/4
  1331 | D:2      | Noticed Natasha
  1332 | D:2      | HP: 7/29 [gnoll/+0 halberd (14)]
  1337 | D:2      | HP: 7/29 [ball python (1)]
  1340 | D:2      | HP: 3/29 [ball python (2)]
  1344 | D:2      | HP: 1/29 [ball python (1)]
  1610 | D:2      | HP: 5/29 [gnoll/+0 halberd (14)]
  1611 | D:2      | Mangled by a gnoll

Vanquished Creatures
  Natasha (D:2)
  2 gnolls (D:1)
  2 adders (D:2)
  5 ball pythons
  2 endoplasms (D:1)
  2 giant cockroaches (D:1)
  7 goblins
  4 hobgoblins
  A quokka (D:2)
  4 bats
  A frilled lizard (D:2)
  4 kobolds (D:1)
  2 rats
37 creatures vanquished.

Table legend:
 A = Non-vault XP
 B = Vault XP
 C = Vault XP percentage of total XP
 D = Non-vault monster count
 E = Vault monster count
 F = Vault count percentage of total count
                 A         B        C        D         E       F
            +---------+---------+-------+---------+---------+-------
      Total |     102 |      40 |  28.2 |      33 |       4 |  10.8
            +---------+---------+-------+---------+---------+-------
        D:1 |      55 |       5 |   8.3 |      18 |       3 |  14.3
        D:2 |      47 |      35 |  42.7 |      15 |       1 |   6.2
            +---------+---------+-------+---------+---------+-------

Skill      XL: |  1  2  3 |
---------------+----------+-----
Fighting       | 2 |  2.3
Dodging        | |  2.8
Unarmed Combat | |  3.7
Shapeshifting  | |  3.4

Action                     |  1- 3 |  4- 6 || total
---------------------------+-------+-------++-------
  Melee: Unarmed           |    45 |    17 ||    62
         Constrict         |     9 |     6 ||    15
         Tentacles         |     7 |     2 ||     9
         Punch             |       |     1 ||     1
    Use: Scroll            |     1 |       ||     1
   Stab: Sleeping          |     5 |       ||     5
 Armour: Skin              |     3 |     4 ||     7
  Dodge: Dodged            |    23 |    21 ||    44

Illustrated notes

Table legend:
 A = Kills in this place as a percentage of kills in the entire game.
 B = Kills by you in this place as a percentage of kills by you in the entire game.
 C = Kills by friends in this place as a percentage of kills by friends in the entire game.
 D = Other kills in this place as a percentage of other kills in the entire game.
 E = Experience gained in this place as a percentage of experience gained in the entire game.
 F = Experience gained in this place divided by the number of levels of this place that you have seen.
                   A       B       C       D       E      F
               +-------+-------+-------+-------+-------+----------------------
         Total | 100.0 | 100.0 |   N/A |   N/A | 100.0 |  71.0
       Dungeon | 100.0 | 100.0 |   N/A |   N/A | 100.0 |  71.0
               +-------+-------+-------+-------+-------+----------------------

Table legend: (Time is in decaauts)
 A = Elapsed time spent in this place.
 B = Non-inter-level travel time spent in this place.
 C = Inter-level travel time spent in this place.
 D = Time resting spent in this place.
 E = Time spent auto-exploring this place.
 F = Levels seen in this place.
 G = Mean time per level.
                   A        B        C        D        E       F      G
               +--------+--------+--------+--------+--------+-----+--------+
         Total |   1609 |   1587 |     22 |    247 |   1118 |   2 |  804.5 |
       Dungeon |   1609 |   1587 |     22 |    247 |   1118 |   2 |  804.5 |
               +--------+--------+--------+--------+--------+-----+--------+

Top non-repeatable levels by time:
     D:2: 859 daAuts
     D:1: 749 daAuts
